 Dungeon Crawl Stone Soup version 0.27.1 (webtiles) character file.

Game seed: 1527152375432281134

155 scriptfinch the Shield-Bearer (level 5, -4/42 HPs)
             Began as a Formicid Fighter on Sept 2, 2021.
             Blown up by Ijyb (29 damage)
             ... with a mindburst bolt
             ... on level 4 of the Dungeon.
             The game lasted 00:16:30 (3630 turns).

scriptfinch the Shield-Bearer (Formicid Fighter)    Turns: 3630, Time: 00:16:30

Health: -4/42      AC: 11    Str: 22    XL:     5   Next: 63%
Magic:  5/5        EV:  5    Int:  7    God:
Gold:   232        SH:  9    Dex: 10    Spells: 4/4 levels left

rFire    . . .     SeeInvis +   a - +0 war axe
rCold    + . .     Faith    .   c - +0 kite shield
rNeg     . . .     Spirit   .   o - +0 plate armour
rPois    .         Reflect  .   (helmet unavailable)
rElec    .         Harm     .   (no cloak)
rCorr    .         Rampage  .   (no gloves)
Will     .....                  (no boots)
Stlth    ..........             (no amulet)
HPRegen  0.14/turn              e - ring of protection from cold
MPRegen  0.09/turn              (no ring)

@: no status effects
A: permanent stasis, dig shafts and tunnels, antennae 3, four strong arms
a: Dig, Shaft Self


You were on level 4 of the Dungeon.
You visited 1 branch of the dungeon, and saw 4 of its levels.

You collected 232 gold pieces.

Inventory:

Hand Weapons
 a - a +0 war axe (weapon)
 g - a +0 dagger
 w - a +1 whip of venom
Missiles
 f - 11 sling bullets
 h - 57 stones
 i - 18 arrows
 s - 14 poisoned darts
 v - 13 bolts
Armour
 b - a +0 scale mail
 c - a +0 kite shield (worn)
 j - a +0 robe
 m - a +0 leather armour
 o - a +0 plate armour (worn)
Jewellery
 e - a ring of protection from cold (left hand)
Wands
 z - a wand of flame (24)
Scrolls
 k - 4 scrolls of identify {unknown}
 l - 2 scrolls of amnesia {unknown}
 q - a scroll of fog {unknown}
 t - a scroll of noise {unknown}
 u - a scroll of summoning {unknown}
 x - a scroll of brand weapon {unknown}
 y - 3 scrolls of magic mapping {unknown}
Potions
 d - a potion of might
 n - a potion of berserk rage {unknown}
 p - a potion of curing {unknown}
 r - a potion of lignification {unknown}


   Skills:
 - Level 3.7 Fighting
 * Level 3.7 Axes
 - Level 4.3 Armour
 - Level 0.3 Dodging
 - Level 0.2 Stealth
 - Level 4.4 Shields


You had 4 spell levels left.
You didn't know any spells.
Your spell library contained the following spells:

 Spells                   Type           Power      Damage    Failure   Level
 Magic Dart               Conj           0%         1d3       100%        1
 Sting                    Tmut/Pois      0%         1d3       100%        1
 Call Imp                 Summ           0%         N/A       100%        2
 Poisonous Vapours        Pois/Air       0%         N/A       100%        2
 Call Canine Familiar     Summ           0%         N/A       100%        3
 Gell's Gravitas          Tloc           0%         N/A       100%        3
 Mephitic Cloud           Conj/Pois/Air  0%         N/A       100%        3
 Portal Projectile        Hex/Tloc       0%         N/A       100%        3
 Teleport Other           Tloc           0%         N/A       100%        3
 Leda's Liquefaction      Hex/Erth       0%         N/A       100%        4
 Olgreb's Toxic Radiance  Pois           0%         N/A       100%        4
 Dispersal                Tloc           0%         N/A       100%        6


Dungeon Overview and Level Annotations

Branches:
Dungeon (3/15)

Altars:
Gozag

Shops:
D:3 *

Annotations:
D:4 Ijyb


Innate Abilities, Weirdness & Mutations

You cannot be hasted, slowed, berserked, paralysed or teleported.
You can dig through walls and to a lower floor.
You have a pair of large antennae on your head. (SInv)
Your four strong arms can wield two-handed weapons with a shield.


Message History

Found 11 gold pieces.
Found a stone staircase leading down.
You slash the centaur skeleton!
The centaur skeleton is heavily damaged.
The centaur skeleton hits you.
You block the centaur skeleton's attack.
The centaur skeleton hits you but does no damage.
The centaur skeleton barely misses you.
You slash the centaur skeleton!
The centaur skeleton is almost destroyed.
The centaur skeleton hits you but does no damage.
You block the centaur skeleton's attack. x2
The centaur skeleton kicks you but does no damage.
You slash the centaur skeleton!
You destroy the centaur skeleton!
Found 13 gold pieces.
You now have 219 gold pieces (gained 11).
Found a scroll labelled QOVEBB FAFE.
A hobgoblin comes into view.
Found a lumpy ruby potion.
Found an escape hatch in the ceiling.
Ijyb the Twisted Goblin comes into view.
She is wielding a +0 dagger and carrying a wand of mindburst (15).
Found a flail.
Ijyb shouts!
Ijyb moves out of view.
You see here 13 gold pieces.
The hobgoblin barely misses you.
You barely miss the hobgoblin.
The hobgoblin hits you but does no damage.
You slash the hobgoblin!
You kill the hobgoblin!
Ijyb zaps a wand.
Your mind is blasted!
You see here a hobgoblin corpse.
Ijyb zaps a wand.
Your mind is blasted!
You see here 13 gold pieces.
You now have 232 gold pieces (gained 13).
You see here a hobgoblin corpse.
You closely miss Ijyb.
Ijyb zaps a wand.
Your mind is blasted!
Ouch! That really hurt!
You die...

.. .. ..########## ...
............###..)
#.................
#................. ..
#................. .....
#................. .....
#.......@g........
.....##...>.............
........................<.
................####!.....
...................?......
...................####...
...................# ...
...................# ..
................####


You could see Ijyb.

Vanquished Creatures
  A centaur skeleton (D:4)
  A gnoll (D:2)
  4 adders
  2 dart slugs
  4 orcs (D:4)
  5 bats
  9 endoplasms
  4 giant cockroaches
  3 goblins
  4 hobgoblins
  6 jackals
  6 kobolds
  4 quokkas
  3 ball pythons
  6 frilled lizards
  6 rats
68 creatures vanquished.

Notes
Turn   | Place    | Note
-------+----------+-------------------------------------------
     0 | D:1      | scriptfinch the Formicid Fighter began the quest for the
                  | Orb.
     0 | D:1      | Reached XP level 1. HP: 18/18 MP: 1/1
   168 | D:1      | Reached XP level 2. HP: 24/24 MP: 2/2
  1054 | D:1      | Reached XP level 3. HP: 26/29 MP: 3/3
  2213 | D:2      | Reached XP level 4. HP: 31/37 MP: 4/4
  2872 | D:3      | Found Gozag's Platinum Reserve.
  2893 | D:3      | Found a faded altar of an unknown god.
  2970 | D:3      | Reached XP level 5. HP: 42/42 MP: 5/5
  3359 | D:3      | Found an opulent altar of Gozag.
  3507 | D:3      | You fall into a shaft and drop 1 floor!
  3619 | D:4      | Noticed Ijyb
  3630 | D:4      | Blown up by Ijyb

Illustrated notes

Levels and vault maps discovered:
D:1:      dpeg_arrival_court, layout_loops_ring
D:2:      wad_crossroads, layout_rooms, serial_rivers,
          chequers_serial_rivers_small_b, chequers_serial_rivers_micro_c,
          chequers_serial_rivers_large_a, chequers_serial_rivers_micro_d,
          chequers_serial_rivers_micro_d, chequers_serial_rivers_micro_d,
          hangedman_decor_riveting, kennysheep_potato
D:3:      layout_loops_cross, nicolae_gozag_zags_fifth_avenue,
          ebering_ecumenical_altar_hall, kennysheep_another_room
D:4:      layout_basic, kennysheep_mini_moat, serial_shops,
          kennysheep_little_box, uniq_ijyb

Skill      XL: |  1  2  3  4  5 |
---------------+----------------+-----
Shields        | 4 |  4.4
Armour         | 4 |  4.3
Axes           | 3 |  3.7
Fighting       | |  3.7
Dodging        | |  0.3
Stealth        | |  0.2

Action                   |  1- 3 |  4- 6 || total
-------------------------+-------+-------++-------
Melee: War axe           |   114 |    84 ||   198
 Abil: Dig               |     1 |     1 ||     2
Armor: Scale mail        |    41 |       ||    41
       Plate armour      |    23 |    58 ||    81
Dodge: Dodged            |    52 |    22 ||    74
Block: Kite shield       |    71 |    67 ||   138
